 Dungeon Crawl Stone Soup version 0.30-a0-930-gb9d0489357 (webtiles) character file.

Game seed: 1659635426690794565

28797 Demosthentine the Fighter (level 13, -2/102 HPs)
             Began as a Demonspawn Gladiator on Mar 23, 2023.
             Was a Follower of Hepliaklqana.
             Slain by Urug
             ... wielding a +3 broad axe
              (9 damage)
             ... on level 13 of the Dungeon.
             The game lasted 00:17:59 (12097 turns).

Demosthentine the Fighter (Demonspawn Gladiator)   Turns: 12097, Time: 00:18:00

Health: -2/102     AC: 12    Str: 19    XL:     13   Next: 11%
Magic:  13/13      EV: 19    Int: 12    God:    Hepliaklqana [*.....]
Gold:   513        SH:  5    Dex: 20    Spells: 12/12 levels left

rFire   . . .      SeeInvis .      - Unarmed
rCold   + . .      Faith    .    (no shield)
rNeg    . . .      Spirit   .    y - +0 troll leather armour
rPois   .          Reflect  +    A - +1 helmet {Int+3}
rElec   .          Rampage  .    f - +2 cloak
rCorr   .                        (no gloves)
Will    .....                    b - +0 pair of boots
Stlth   +++                      z - amulet of reflection
HPRegen 1.17/turn                c - ring of protection from cold
MPRegen 0.13/turn                (no ring)

@: studying Short Blades
A: reduced essence, claws 2, thin skeletal structure 2, powered by death 2,
demonic magic 1
a: Renounce Religion, Recall Ancestor, Ancestor Identity


You were on level 13 of the Dungeon.
You worshipped Hepliaklqana.
Hepliaklqana was aware of your devotion.
You visited 2 branches of the dungeon, and saw 14 of its levels.
You also visited: Bailey.

You collected 993 gold pieces.
You spent 480 gold pieces at shops.

Inventory:

Missiles
 a - 6 curare-tipped darts (quivered)
 e - a javelin
 B - 3 throwing nets
Armour
 b - a +0 pair of boots (worn)
 d - +0 steam dragon scales
 f - a +2 cloak (worn)
 r - a +1 leather armour of fire resistance
 y - a +0 troll leather armour (worn)
 A - a +1 helmet of intelligence (worn)
Jewellery
 c - a ring of protection from cold (left claw)
 z - an amulet of reflection (around neck)
Wands
 l - a wand of iceblast (36)
 o - a wand of polymorph (10)
 s - a wand of quicksilver (12)
 t - a wand of flame (30)
 v - a wand of charming (21)
Scrolls
 g - 4 scrolls of blinking
 h - 4 scrolls of enchant weapon
 n - 9 scrolls of teleportation
 w - 2 scrolls of magic mapping
 D - a scroll of butterflies
Potions
 i - 5 potions of curing
 j - 2 potions of brilliance
 k - 2 potions of cancellation
 m - 3 potions of attraction
 p - 2 potions of flight
 q - a potion of lignification
 u - a potion of invisibility
 x - a potion of heal wounds
 C - 2 potions of mutation {unknown}


   Skills:
 + Level 14.5 Fighting
 - Level 2.8 Polearms
 - Level 1.7 Throwing
 - Level 7.0 Armour
 + Level 10.8 Dodging
 + Level 10.3 Unarmed Combat
 + Level 8.3 Evocations


You had 12 spell levels left.
You didn't know any spells.
Your spell library contained the following spells:

 Spells                   Type           Power      Damage    Failure   Level
 Summon Small Mammal      Summ           0%         N/A       36%         1
 Blink                    Tloc           0%         N/A       50%         2
 Lesser Beckoning         Tloc           0%         N/A       50%         2
 Momentum Strike          Conj/Tloc      0%         3d8       50%         2
 Call Canine Familiar     Summ           0%         N/A       75%         3
 Hailstorm                Conj/Ice       0%         3d3       75%         3
 Summon Guardian Golem    Hex/Summ       0%         N/A       75%         3
 Anguish                  Hex/Necr       0%         N/A       98%         4
 Animate Dead             Necr           0%         N/A       98%         4
 Cause Fear               Hex            0%         N/A       98%         4
 Ice Form                 Ice/Tmut       0%         N/A       98%         4
 Summon Forest            Summ/Tloc      0%         N/A       100%        5
 Simulacrum               Ice/Necr       0%         N/A       100%        6
 Summon Cactus Giant      Summ           0%         N/A       100%        6
 Haunt                    Necr/Summ      0%         N/A       100%        7
 Infestation              Necr           0%         N/A       100%        8


Dungeon Overview and Level Annotations

Branches:
Dungeon (13/15) Temple (1/1) D:7 Lair (0/5) D:8 Orc (0/2) D:11 Vaults (0/5) D:12 D:13 Bailey (visited)

Altars:
Ashenzari
Cheibriados
Dithmenos
Fedhas
Gozag
Hepliaklqana
Kikubaaqudgha
Makhleb
Nemelex Xobeh
Okawaru
Qazlal
Ru
Sif Muna
Trog
Uskayaw
Vehumet
Wu Jian
Xom
Yredelemnul

Shops:
D:4 (   D:12 *

Annotations:
D:9 2 runed translucent doors
D:13 Urug


Innate Abilities, Weirdness & Mutations

Your life essence is reduced to manifest your ancestor. (-10% HP)
You have very sharp fingernails.
You have a moderately thin skeletal structure. (Dex +4, Stealth++)
You regenerate health from kills.
Spells you cast may paralyse adjacent enemies.


Message History

Throw: 7 darts (curare)
Press: ? - help, Q - select action, (/) - cycle Shift-Dir - straight line, f - Urug
Aim: Urug, wielding a +3 broad axe, wearing a +0 chain mail and quivering javelins (lightly wounded, 66% to hit)
You throw a curare-tipped dart. The curare-tipped dart hits Urug.
Urug is poisoned.
Urug convulses.
Urug seems to slow down.
Urug is lightly wounded.
The centaur warrior hits you but does no damage.
The centaur warrior barely misses you.
Jabu hits the centaur warrior.
You block the centaur warrior's attack.
The centaur warrior completely misses you. x3
You scratch Urug.
Urug is moderately wounded.
The centaur warrior hits you! The centaur warrior closely misses you.
Jabu barely misses the centaur warrior.
The centaur warrior hits you but does no damage.
The centaur warrior closely misses you.
You scratch Urug but do no damage.
Urug is moderately wounded.
The centaur warrior hits you!
The centaur warrior completely misses you.
The centaur warrior misses you. The centaur warrior closely misses you.
Jabu hits the centaur warrior.
Urug misses you.
You mangle Urug!!
Urug is heavily wounded.
The centaur warrior barely misses you. x2; The centaur warrior hits you!
The centaur warrior kicks you.
* * * LOW HITPOINT WARNING * * *
Jabu hits the centaur warrior.
The centaur warrior hits you!
* * * LOW HITPOINT WARNING * * *
The centaur warrior closely misses you.
You scratch Urug. Your claw misses Urug.
Urug is severely wounded.
The centaur warrior hits you!
* * * LOW HITPOINT WARNING * * *
The centaur warrior kicks you but does no damage.
The centaur warrior closely misses you. The centaur warrior kicks you.
* * * LOW HITPOINT WARNING * * *
Urug hits you with a +3 broad axe!
You die...

##+## ##...##
##.....##
##.......###
####..........##
.......c........
#....c@......#
#....R.o.....#
#.....$......#
#.....∩<.....#
#.....<>.....#
#............#
#............#
#.........!..#
#............#


You could see the friendly Jabu the ancestor, Urug (poisoned, slow) and 2
centaur warriors.

Vanquished Creatures
  Josephine (D:10)
  Harold (D:11)
  2 boulder beetles
  2 centaur warriors (D:9)
  4 two-headed ogres
  A skeletal warrior (D:9)
  An orc knight (Bailey)
  A manticore (D:9)
  2 ugly things
  3 cyclopes
  Maggie (D:6)
  2 kobold demonologists
  An unseen horror (D:12)
  5 trolls
  A hornet (D:8)
  8 yaks
  4 wyverns
  Eustachio (D:6)
  15 humans (D:12)
  A steam dragon (D:6)
  3 wraiths (D:10)
  3 vampire mosquitoes (D:11)
  2 acid dragons
  A water moccasin (D:7)
  2 sky beasts (D:7)
  5 black bears
  An ogre (D:6)
  14 orc warriors
  4 centaurs
  3 kobold brigands
  3 phantoms (D:5)
  A gnoll sergeant (D:9)
  6 bullfrogs
  5 scorpions
  11 wights
  6 killer bees
  4 spriggan skeletons (D:11)
  A troll skeleton (D:11)
  8 howler monkeys
  2 hounds
  2 jellies
  5 orc priests
  A sleepcap (D:7)
  Terence (D:3)
  15 orc wizards
  4 iguanas
  5 gnolls
  7 adders
  2 white imps
  2 ufetubi (D:4)
  4 worms
  10 dart slugs
  82 orcs
  4 endoplasms
  8 giant cockroaches
  9 hobgoblins
  4 jackals
  2 quokkas
  12 ball pythons
  5 bats
  4 frilled lizards
  9 goblins
  17 kobolds
  6 rats
  A spectral orc (D:10)
363 creatures vanquished.

Vanquished Creatures (collateral kills)
  A manticore (D:11)
  A gargoyle (D:12)
  A yak (D:11)
  A human (D:12)
  A spriggan skeleton (D:11)
  An orc (D:12)
  3 kobolds (D:11)
9 creatures vanquished.

Vanquished Creatures (others)
  2 ancestors
  10 fungi (D:8)
  13 plants
25 creatures vanquished.

Grand Total: 397 creatures vanquished

Notes
Turn   | Place    | Note
-------+----------+-------------------------------------------
     0 | D:1      | Demosthentine the Demonspawn Gladiator began the quest for
                  | the Orb.
     0 | D:1      | Reached XP level 1. HP: 16/16 MP: 1/1
   163 | D:1      | Gained mutation: You have sharp fingernails. [demonic
                  | ancestry]
   163 | D:1      | Reached XP level 2. HP: 22/22 MP: 2/2
   430 | D:1      | Reached skill level 1 in Armour
   467 | D:1      | Reached XP level 3. HP: 28/28 MP: 3/3
  1246 | D:2      | Reached skill level 1 in Unarmed Combat
  1462 | D:2      | Found a faded altar of an unknown god.
  1502 | D:2      | Gained mutation: You have very sharp fingernails. [demonic
                  | ancestry]
  1502 | D:2      | Reached XP level 4. HP: 34/34 MP: 4/4
  2025 | D:3      | Noticed Terence
  2066 | D:3      | Killed Terence
  2067 | D:3      | Reached skill level 3 in Fighting
  2301 | D:3      | Noticed a centaur
  2321 | D:3      | Killed a centaur
  2322 | D:3      | Gained mutation: You have a somewhat thin skeletal
                  | structure. (Dex +2, Stealth+) [demonic ancestry]
  2322 | D:3      | Reached XP level 5. HP: 27/41 MP: 5/5
  2972 | D:4      | Reached XP level 6. HP: 47/47 MP: 6/6
  3157 | D:4      | Found Ikhuk's Antique Weapon Emporium.
  3323 | D:4      | Found a burning altar of Makhleb.
  3381 | D:5      | Entered Level 5 of the Dungeon
  3413 | D:5      | Found an ornate altar of the Wu Jian Council.
  3510 | D:5      | Reached skill level 4 in Fighting
  3706 | D:5      | Gained mutation: You regenerate a little health from kills.
                  | [demonic ancestry]
  3706 | D:5      | Reached XP level 7. HP: 54/54 MP: 7/7
  4634 | D:6      | Noticed a steam dragon
  4654 | D:6      | Killed a steam dragon
  4655 | D:6      | Reached skill level 5 in Fighting
  4655 | D:6      | Reached skill level 5 in Dodging
  4655 | D:6      | Gained mutation: You regenerate health from kills. [demonic
                  | ancestry]
  4655 | D:6      | Reached XP level 8. HP: 11/62 MP: 8/8
  5177 | D:6      | Noticed Maggie
  5199 | D:6      | Killed Maggie
  5531 | D:6      | Reached skill level 6 in Fighting
  5531 | D:6      | Reached skill level 5 in Armour
  5619 | D:6      | Noticed Eustachio
  5641 | D:6      | Killed Eustachio
  5642 | D:6      | Reached skill level 5 in Unarmed Combat
  5917 | D:6      | Gained mutation: Spells you cast may paralyse adjacent
                  | enemies. [demonic ancestry]
  5917 | D:6      | Reached XP level 9. HP: 67/69 MP: 9/9
  5988 | D:7      | Found a staircase to the Ecumenical Temple.
  5996 | Temple   | Entered the Ecumenical Temple
  6171 | D:7      | Found a flagged portal.
  6207 | Bailey   | Entered a bailey
  6831 | Bailey   | Noticed an orc knight
  6840 | Bailey   | Reached skill level 7 in Fighting
  6849 | Bailey   | Killed an orc knight
  7084 | D:7      | Reached skill level 8 in Fighting
  7114 | D:7      | Gained mutation: You have a moderately thin skeletal
                  | structure. (Dex +4, Stealth++) [demonic ancestry]
  7114 | D:7      | Reached XP level 10. HP: 36/80 MP: 10/10
  7634 | D:7      | Found a sparkling altar of Nemelex Xobeh.
  7684 | D:7      | Reached skill level 9 in Fighting
  7864 | D:7      | Reached skill level 11 in Fighting
  7864 | D:7      | Reached XP level 11. HP: 89/89 MP: 11/11
  8231 | D:8      | Reached skill level 5 in Evocations
  8268 | D:8      | Found a staircase to the Lair.
  8876 | D:9      | Found a shimmering altar of Xom.
  8940 | D:9      | Found a large runed translucent door.
  8940 | D:9      | Found a large runed translucent door.
  8944 | D:9      | Noticed a centaur warrior
  8969 | D:9      | Noticed a skeletal warrior
  8978 | D:9      | Killed a skeletal warrior
  9110 | D:9      | Noticed a centaur warrior
  9136 | D:9      | Reached skill level 12 in Fighting
  9191 | D:9      | Found a snail-covered altar of Cheibriados.
  9291 | D:9      | Found a hazy altar of Hepliaklqana.
  9368 | D:9      | Found a bloodstained altar of Trog.
  9420 | D:9      | Became a worshipper of Hepliaklqana the Forgotten
  9463 | D:9      | Found a large runed translucent door.
  9464 | D:9      | Found a large runed translucent door.
  9499 | D:9      | Noticed a two-headed ogre
  9508 | D:9      | Killed a two-headed ogre
  9747 | D:9      | Killed a centaur warrior
  9748 | D:9      | Reached XP level 12. HP: 68/103 MP: 12/12
  9753 | D:9      | Killed a centaur warrior
  9786 | D:9      | Got the Cyclopedia of the Evil Eye and Adjuration
  9799 | D:10     | Entered Level 10 of the Dungeon
  9926 | D:10     | Noticed Josephine
  9940 | D:10     | Killed Josephine
 10035 | D:10     | Reached skill level 13 in Fighting
 10283 | D:10     | Found a basalt altar of Yredelemnul.
 10739 | D:11     | Reached * piety under Hepliaklqana
 10808 | D:11     | Noticed Harold
 10824 | D:11     | Killed Harold
 10825 | D:11     | Reached skill level 10 in Dodging
 11120 | D:11     | Found a staircase to the Orcish Mines.
 11139 | D:11     | Noticed a boulder beetle
 11193 | D:11     | Killed a boulder beetle
 11503 | D:12     | Noticed a boulder beetle
 11518 | D:12     | Killed a boulder beetle
 11519 | D:12     | Reached skill level 14 in Fighting
 11529 | D:12     | Reached skill level 10 in Unarmed Combat
 11537 | D:12     | Noticed a two-headed ogre
 11547 | D:12     | Killed a two-headed ogre
 11598 | D:12     | Found Aleigoul's Neck Hole.
 11634 | D:12     | Bought an amulet of reflection for 480 gold pieces
 11709 | D:12     | Noticed a two-headed ogre
 11720 | D:12     | Killed a two-headed ogre
 11962 | D:13     | Noticed a centaur warrior
 11962 | D:13     | Noticed a centaur warrior
 11962 | D:13     | Noticed Urug
 11962 | D:13     | Noticed a two-headed ogre
 11962 | D:13     | Found a gate to the Vaults.
 11996 | D:12     | Killed a two-headed ogre
 11997 | D:12     | Reached XP level 13. HP: 81/102 MP: 13/13
 12097 | D:13     | Slain by Urug

Illustrated notes

Levels and vault maps discovered:
D:1:      saegor_arrival_simple_e, layout_basic, corexii_hall_statues_i,
          patterned_corridor
D:2:      layout_loops_ring, hellmonk_ecumenical_altar_lost_god
D:3:      layout_basic, uniq_terence
D:4:      layout_rooms, makhleb_blood_cavern_becter, serial_shops,
          nicolae_shop_competitors_out_of_business
D:5:      kennysheep_slugbush, layout_loops_ring, general_overflow_altar
D:6:      layout_loops_cross, nicolae_wand_duel, minmay_between, uniq_eustachio,
          uniq_maggie
D:7:      layout_loops_cross, mainiacjoe_overflow_chevrons,
          minmay_temple_entry_gardened_gates, enter_bailey_3, minmay_manual_moon
D:8:      layout_rooms, kennysheep_mini_moat, grunt_lair_entry_orc_guard_hut,
          special_room [special_room_orc]
D:9:      layout_rooms, lemuel_doored_altar, kennysheep_little_box,
          mainiacjoe_overflow_surrounded_room, lemuel_tele_altar,
          minmay_hollow_rounded_squares
D:10:     layout_basic, yredelemnul_forgotten_temple_becter,
          mainiacjoe_overflow_paths, minivault_23, uniq_josephine
D:11:     minmay_angry_zag, layout_loops_ring, orc_0_dummy,
          hangedman_tell_no_tales, uniq_harold
D:12:     layout_rooms, nicolae_shop_sticking_my_neck_out
D:13:     layout_loops_corners, david_vaults_3, serial_shops,
          nicolae_diamond_shop, minmay_the_grid_square_5x5_3x3_mashed
          [minmay_the_grid_square_5x5_n_small,
          minmay_the_grid_square_5x5_shrine2,
          minmay_the_grid_square_5x5_two_walls_b,
          minmay_the_grid_square_5x5_inset,
          minmay_the_grid_square_5x5_megaprize_diamond,
          minmay_the_grid_square_5x5_fancy_junction,
          minmay_the_grid_square_5x5_inner_i, minmay_the_grid_square_5x5_lines,
          minmay_the_grid_square_5x5_tetrominoes], uniq_nessos
Temple:   hellmonk_temple_two_chambers

Skill      XL: |  1  2  3  4  5  6  7  8  9 10 11 12 |
---------------+-------------------------------------+-----
Armour         | 1 2 3 4 5 6 7 |  7.0
Dodging        | 3 4 5 6 7 8 9 10 | 10.8
Unarmed Combat | 1 2 3 5 6 8 9 10 | 10.3
Fighting       | 3 4 5 6 8 11 12 14 | 14.5
Evocations     | 4 6 8 |  8.3
Polearms       | |  2.8
Throwing       | |  1.7

Action                     |  1- 3 |  4- 6 |  7- 9 | 10-12 | 13-15 || total
---------------------------+-------+-------+-------+-------+-------++-------
  Melee: Trident           |    31 |       |       |       |       ||    31
         Punch             |     3 |     4 |    16 |    66 |     6 ||    95
         Unarmed           |   203 |   252 |   385 |   749 |    66 ||  1655
  Throw: Throwing net      |       |     3 |     1 |       |       ||     4
         Dart              |       |       |     1 |       |     1 ||     2
  Evoke: Wand              |       |       |     3 |       |       ||     3
    Use: Scroll            |     3 |     8 |     3 |     7 |       ||    21
         Potion            |       |     1 |     3 |     1 |       ||     5
   Stab: Sleeping          |     3 |     2 |     4 |    12 |       ||    21
         Distracted        |       |     1 |     2 |     4 |     1 ||     8
 Armour: Leather armour    |    93 |    97 |    98 |    89 |       ||   377
         Steam dragon scal |       |       |    27 |       |       ||    27
         Skin              |       |       |     1 |       |       ||     1
         Troll leather arm |       |       |       |   127 |    34 ||   161
  Dodge: Dodged            |   190 |   158 |   314 |   588 |   126 ||  1376
  Block: Other             |       |       |       |     7 |    28 ||    35
         Reflection        |       |       |       |     1 |     1 ||     2

Table legend: (Time is in decaauts)
 A = Elapsed time spent in this place.
 B = Non-inter-level travel time spent in this place.
 C = Inter-level travel time spent in this place.
 D = Time resting spent in this place.
 E = Time spent auto-exploring this place.
 F = Levels seen in this place.
 G = Mean time per level.
                   A        B        C        D        E       F      G
               +--------+--------+--------+--------+--------+-----+--------+
         Total |  12012 |  11617 |    395 |    662 |   7773 |  15 |  800.8 |
       Dungeon |  11141 |  10746 |    395 |    253 |   7549 |  13 |  857.0 |
        Temple |     17 |     17 |      0 |      0 |     10 |   1 |   17.0 |
        Bailey |    853 |    853 |      0 |    409 |    214 |   1 |  853.0 |
               +--------+--------+--------+--------+--------+-----+--------+

Top non-repeatable levels by time:
     D:6: 1380 daAuts
     D:5: 1085 daAuts
     D:7: 1077 daAuts
     D:9: 1056 daAuts
     D:1: 1053 daAuts
     D:2: 984 daAuts
  Bailey: 853 daAuts
    D:11: 852 daAuts
    D:10: 784 daAuts
     D:3: 784 daAuts
     D:8: 781 daAuts
     D:4: 698 daAuts
    D:12: 582 daAuts
    D:13: 21 daAuts
  Temple: 17 daAuts
